 Dungeon Crawl Stone Soup version 0.27.1 (webtiles) character file.

Game seed: 461407475988188211

3106 GGreaSS the Blocker (level 10, -3/80 HPs)
             Began as a Formicid Fighter on Aug 30, 2021.
             Was a Follower of Okawaru.
             Slain by a boulder beetle (15 damage)
             ... on level 7 of the Dungeon.
             The game lasted 00:35:54 (6726 turns).

GGreaSS the Blocker (Formicid Fighter)              Turns: 6726, Time: 00:35:55

Health: -3/80      AC: 13    Str: 27    XL:     10   Next: 13%
Magic:  11/11      EV: 12    Int:  8    God:    Okawaru [*.....]
Gold:   264        SH: 12    Dex: 13    Spells: 9/9 levels left

rFire    . . .     SeeInvis +   a - +4 flail
rCold    . . .     Faith    .   c - +0 kite shield
rNeg     . . .     Spirit   .   j - +0 plate armour
rPois    .         Reflect  .   (helmet unavailable)
rElec    .         Harm     .   m - +0 cloak
rCorr    .         Rampage  .   (no gloves)
Will     .....                  (no boots)
Stlth    ..........             (no amulet)
HPRegen  0.23/turn              p - +4 ring of evasion
MPRegen  0.12/turn              y - +6 ring of strength

@: weak-willed
A: permanent stasis, dig shafts and tunnels, antennae 3, four strong arms
a: Dig, Shaft Self, Renounce Religion, Heroism


You were on level 7 of the Dungeon.
You worshipped Okawaru.
Okawaru was aware of your devotion.
You visited 2 branches of the dungeon, and saw 8 of its levels.

You collected 264 gold pieces.

Inventory:

Hand Weapons
 a - a +4 flail (weapon)
 b - a +0 hunting sling
 d - a +0 flail
 x - a +0 morningstar
 A - a +3 trident of freezing
Missiles
 h - 12 poisoned darts (quivered)
 i - 51 sling bullets
 l - 74 bolts
 t - 110 arrows
Armour
 c - a +0 kite shield (worn)
 j - a +0 plate armour (worn)
 m - a +0 cloak (worn)
Jewellery
 p - a +4 ring of evasion (left hand)
 y - a +6 ring of strength (right hand)
Wands
 g - a wand of charming (6)
Scrolls
 o - a scroll of vulnerability
 q - a scroll of torment {unknown}
 r - 4 scrolls of holy word
 s - a scroll of enchant armour {unknown}
 u - a scroll of blinking {unknown}
 z - 2 scrolls of fog
Potions
 e - a potion of magic {unknown}
 f - a potion of mutation
 k - a potion of brilliance
 v - 2 potions of curing {unknown}
 w - a potion of degeneration {unknown}


   Skills:
 * Level 7.7 Fighting
 * Level 6.5 Maces & Flails
 + Level 4.1 Throwing
 + Level 5.4 Armour
 + Level 3.8 Dodging
 * Level 8.3 Shields
 - Level 2.0 Invocations
 - Level 2.0 Evocations


You had 9 spell levels left.
You didn't know any spells.
Your spell library contained the following spells:

 Spells                   Type           Power      Damage    Failure   Level
 Foxfire                  Conj/Fire      0%         2x1d4     99%         1
 Magic Dart               Conj           0%         1d3       99%         1
 Searing Ray              Conj           0%         3d3       100%        2
 Slow                     Hex            0%         N/A       100%        2
 Confusing Touch          Hex            0%         N/A       100%        3
 Conjure Flame            Conj/Fire      0%         6-21      100%        3
 Inner Flame              Hex/Fire       0%         N/A       100%        3
 Vampiric Draining        Necr           0%         2d6       100%        3
 Fulminant Prism          Conj/Hex       0%         3d6       100%        4


Dungeon Overview and Level Annotations

Branches:
Dungeon (7/15)             Temple (1/1) D:6

Altars:
Cheibriados
Dithmenos
Elyvilon
Gozag
Kikubaaqudgha
Makhleb
Nemelex Xobeh
Okawaru
Qazlal
Sif Muna
Uskayaw
Vehumet
Wu Jian
Xom
Yredelemnul
The Shining One

Annotations:
D:6 3 runed translucent doors, Malachi's ghost, novice TrEE


Innate Abilities, Weirdness & Mutations

You cannot be hasted, slowed, berserked, paralysed or teleported.
You can dig through walls and to a lower floor.
You have a pair of large antennae on your head. (SInv)
Your four strong arms can wield two-handed weapons with a shield.


Message History

The boulder beetle misses you.
The boulder beetle stops rolling and uncurls.
You hit the boulder beetle but do no damage.
The boulder beetle is lightly wounded.
The boulder beetle leaps!
You start resting.
A boulder beetle is nearby!
Your plate armour prevents you from hitting the boulder beetle.
The boulder beetle is lightly wounded.
You hit the boulder beetle.
The boulder beetle is lightly wounded.
The boulder beetle bites you.
You hit the boulder beetle but do no damage.
The boulder beetle is lightly wounded.
The boulder beetle bites you.
You barely miss the boulder beetle.
The boulder beetle is lightly wounded.
You feel like a meek peon again. The boulder beetle bites you!
You hit the boulder beetle but do no damage.
The boulder beetle is lightly wounded.
The boulder beetle bites you!
You hit the boulder beetle.
The boulder beetle is lightly wounded.
The boulder beetle bites you but does no damage.
You hit the boulder beetle but do no damage.
The boulder beetle is lightly wounded.
The boulder beetle bites you but does no damage.
You sock the boulder beetle!
The boulder beetle is moderately wounded.
The boulder beetle bites you.
You hit the boulder beetle but do no damage.
The boulder beetle is moderately wounded.
The boulder beetle bites you!
* * * LOW HITPOINT WARNING * * *
The boulder beetle bites you but does no damage.
As you read the scroll labelled ZISUTI JODOLU, it crumbles to dust.
Magic quickly surges around you.
It was a scroll of vulnerability.
The boulder beetle bites you!
You die...

#..............# B.(.
#..............# ...
#.........)....+ ..
#...####...##..# (#
#...#########..######(####
#....#...........#.......#
#....#..........°#.†...⌠.#
#....#.........B#..†⌠....###
#....#<.......##@'...⌠...(.#
###'##.....##.#..#....⌠..#.(
#...##.....####..#.⌠...⌠.# .
#....#......# #..#.......#
#....'......# ##'#########
#....#......# #...##8##
#...###...### ##..†...+ #####
##'####...######.#.#8.8# {##....
#.........#....#####8.8#####.....


You could see a boulder beetle (weak-willed).

Vanquished Creatures
  A shadow (D:7)
  6 yaks
  2 water moccasins
  A sky beast (D:5)
  An ice beast (D:7)
  An ogre (D:6)
  A centaur (D:6)
  2 phantoms
  A bullfrog (D:7)
  5 scorpions
  3 wights (D:5)
  A howler monkey (D:7)
  A centaur zombie (D:5)
  A jelly (D:5)
  A bullfrog zombie (D:5)
  6 hounds
  4 bullfrog skeletons
  2 centaur skeletons
  4 iguanas
  2 scorpion zombies (D:5)
  A killer bee zombie (D:7)
  2 howler monkey zombies
  10 adders
  A shadow imp (D:7)
  A white imp (D:7)
  An ufetubus (D:5)
  An adder zombie (D:5)
  6 worms
  3 dart slugs
  10 orcs
  3 bats (D:2)
  7 endoplasms
  A giant cockroach (D:2)
  7 goblins
  2 hobgoblins
  3 jackals (D:3)
  7 kobolds
  3 quokkas
  5 ball pythons
  2 frilled lizards
  2 rats
124 creatures vanquished.

Notes
Turn   | Place    | Note
-------+----------+-------------------------------------------
     0 | D:1      | GGreaSS the Formicid Fighter began the quest for the Orb.
     0 | D:1      | Reached XP level 1. HP: 18/18 MP: 1/1
   268 | D:1      | Reached XP level 2. HP: 19/24 MP: 2/2
  1051 | D:2      | Reached skill level 4 in Shields
  1051 | D:2      | Reached XP level 3. HP: 29/29 MP: 3/3
  1419 | D:2      | Reached XP level 4. HP: 28/37 MP: 4/4
  2265 | D:3      | Reached skill level 1 in Dodging
  2622 | D:3      | Reached XP level 5. HP: 42/42 MP: 5/5
  2671 | D:3      | Reached skill level 1 in Throwing
  2707 | D:3      | Found a hide-covered altar of Uskayaw.
  3392 | D:4      | Reached XP level 6. HP: 44/49 MP: 6/6
  3519 | D:4      | Noticed a steam dragon
  3529 | D:4      | You fall into a shaft and drop 3 floors!
  3658 | D:5      | Entered Level 5 of the Dungeon
  3687 | D:6      | Reached skill level 5 in Shields
  3785 | D:5      | Reached XP level 7. HP: 55/55 MP: 7/7
  3893 | D:5      | Reached skill level 5 in Fighting
  4259 | D:5      | Reached skill level 6 in Shields
  4259 | D:5      | Reached XP level 8. HP: 16/61 MP: 8/8
  4884 | D:6      | Noticed a yak
  4884 | D:6      | Noticed a yak
  4884 | D:6      | Noticed a yak
  4884 | D:6      | Noticed a yak
  4884 | D:6      | Noticed a yak
  4934 | D:5      | Reached skill level 1 in Evocations
  5092 | D:6      | Found a white marble altar of Elyvilon.
  5095 | D:6      | Found a snail-covered altar of Cheibriados.
  5098 | D:6      | Found a burning altar of Makhleb.
  5106 | D:6      | Became a worshipper of Elyvilon the Healer
  5127 | D:6      | Reached skill level 5 in Maces & Flails
  5162 | D:6      | Noticed a yak
  5180 | D:5      | Killed a yak
  5181 | D:5      | Reached skill level 1 in Invocations
  5181 | D:5      | Reached XP level 9. HP: 43/70 MP: 9/9
  5187 | D:5      | Reached skill level 7 in Shields
  5472 | D:6      | Found a staircase to the Ecumenical Temple.
  5529 | Temple   | Entered the Ecumenical Temple
  5534 | Temple   | Fell from the grace of Elyvilon
  5534 | Temple   | Became a worshipper of Warmaster Okawaru
  5583 | D:6      | Found a stormy altar of Qazlal.
  5705 | D:6      | Found a runed translucent gate.
  5706 | D:6      | Found a runed translucent gate.
  5706 | D:6      | Found a runed translucent gate.
  5706 | D:6      | Noticed Malachi's ghost (novice TrEE)
  5864 | D:6      | Reached skill level 5 in Armour
  5870 | D:6      | Reached * piety under Okawaru
  6545 | D:7      | Reached skill level 8 in Shields
  6619 | D:7      | Reached XP level 10. HP: 79/79 MP: 11/11
  6688 | D:7      | Noticed a boulder beetle
  6726 | D:7      | Slain by a boulder beetle

Illustrated notes

Levels and vault maps discovered:
D:1:      minmay_arrival_three_doors, layout_loops_corners
D:2:      layout_rooms, minmay_domino_4
D:3:      layout_basic, nicolae_uskayaw_suspiria
D:4:      layout_cave_pods
D:5:      minmay_chambers_of_fours, layout_rooms
D:6:      layout_basic, mainiacjoe_overflow_alcove_2,
          grunt_temple_overflow_diamond, minmay_temple_entry_sparse_star,
          gammafunk_ghost_nasty_kobolds, minivault_26
D:7:      minmay_chambers_of_sevens, layout_gridville, marbit_many_paths,
          kennysheep_doodads
Temple:   minmay_freezing_vapour_temple

Skill      XL: |  1  2  3  4  5  6  7  8  9 10 |
---------------+-------------------------------+-----
Shields        | 4 5 6 8 |  8.3
Fighting       | 4 5 6 7 |  7.7
Dodging        | 1 2 3 |  3.8
Throwing       | 1 2 3 4 |  4.1
Maces & Flails | 3 4 5 6 |  6.5
Armour         | 4 5 |  5.4
Evocations     | 1 2 |  2.0
Invocations    | 1 2 |  2.0

Action                   |  1- 3 |  4- 6 |  7- 9 | 10-12 || total
-------------------------+-------+-------+-------+-------++-------
Melee: Flail             |    68 |   138 |   185 |    35 ||   426
 Fire: Hunting sling     |       |     8 |     2 |     2 ||    12
Throw: Dart              |    29 |    42 |    35 |     7 ||   113
Invok: Heroism           |       |       |       |     1 ||     1
 Abil: Dig               |     1 |     2 |     4 |     2 ||     9
       Shaft Self        |       |     1 |       |       ||     1
  Use: Scroll            |       |     4 |     2 |     1 ||     7
       Potion            |       |       |     1 |       ||     1
Armor: Scale mail        |    32 |    29 |       |       ||    61
       Plate armour      |       |    41 |    47 |     8 ||    96
Dodge: Dodged            |    26 |    59 |    71 |     5 ||   161
Block: Kite shield       |    33 |    75 |    96 |    12 ||   216
